 Dungeon Crawl Stone Soup version 0.25-a0-598-gc9c9e4cfe1 (webtiles) character file.

Game seed: 12968605190499522589, levelgen mode: deterministic

4060 Inarius the Grappler (level 10, -11/91 HPs)
             Began as a Troll Fighter on Mar 14, 2020.
             Was a Follower of Ru.
             Killed from afar by Maggie (17 damage)
             ... with a bolt of fire
             ... on level 8 of the Dungeon on Mar 15, 2020.
             The game lasted 00:10:39 (5676 turns).

Inarius the Grappler (Troll Fighter)                Turns: 5676, Time: 00:10:41

Health: -11/91     AC:  9    Str: 29    XL:     10   Next: 4%
Magic:  11/11      EV: 12    Int:  4    God:    Ru [*.....]
Gold:   181        SH: 10    Dex:  9    Spells: 9/9 levels left

rFire    . . .     SeeInvis .     - Unarmed
rCold    . . .     Gourm    +   b - +0 kite shield
rNeg     . . .     Faith    .   f - +0 robe (curse)
rPois    .         Spirit   .   m - +2 hat
rElec    .         Reflect  .   n - +0 cloak
rCorr    .         Harm     .   (gloves unavailable)
MR       .....                  (boots unavailable)
Stlth    +.........             x - amulet of rage
HPRegen  0.65/turn              w - +2 ring of evasion
MPRegen  0.12/turn              (no ring)

@: lethally poisoned (-11 -> -13)
A: large, unfitting armour, claws 3, fast metabolism 3, gourmand, regeneration
1, shaggy fur 1, tough skin 3, missing an eye
a: Renounce Religion, Evoke Berserk Rage


You were on level 8 of the Dungeon.
You worshipped Ru.
Ru was aware of your devotion.
You were completely stuffed.

You visited 1 branch of the dungeon, and saw 8 of its levels.

You collected 288 gold pieces.
You spent 107 gold pieces at shops.

Inventory:

Armour
 b - a +0 kite shield (worn)
 f - a cursed +0 robe (worn)
 m - a +2 hat (worn)
 n - a +0 cloak (worn)
 t - a cursed +0 robe
 B - a +0 tower shield
Jewellery
 u - an uncursed ring of ice
 w - a +2 ring of evasion (left claw)
 x - an amulet of rage (around neck)
Wands
 s - a wand of random effects (21)
 A - a wand of acid (5)
Scrolls
 a - a scroll of teleportation
 e - 2 scrolls of remove curse {unknown}
 g - a scroll of amnesia
 p - 2 scrolls of immolation
 v - a scroll of identify
 y - 2 scrolls of fog {unknown}
 C - a scroll of noise {unknown}
 D - a scroll of fear {unknown}
Potions
 c - a potion of might
 i - 3 potions of lignification
 j - a potion of flight {unknown}
 k - 5 potions of haste
 l - a potion of ambrosia {unknown}
 o - a potion of mutation
 q - 4 potions of curing
 r - a potion of invisibility {unknown}
 z - a potion of stabbing {unknown}
 E - a potion of berserk rage
Comestibles
 d - 15 rations


   Skills:
 + Level 3.4 Fighting
 + Level 4.6 Dodging
 + Level 5.0 Shields
 * Level 11.3 Unarmed Combat
 * Level 3.6 Evocations


You had 9 spell levels left.
You didn't know any spells.
Your spell library contained the following spells:

 Spells                   Type           Power        Failure   Level  Hunger
 Animate Skeleton         Necr           N/A          78%         1    ##.....
 Apportation              Tloc           #.....       78%         1    ##.....
 Corona                   Hex            #......      78%         1    ##.....
 Summon Small Mammal      Summ           #...         78%         1    ##.....


Dungeon Overview and Level Annotations

Branches:
Dungeon (8/15)             Temple (0/1) D:6
   Lair: D:8-11

Altars:
Dithmenos
Fedhas
Gozag
Okawaru
Ru
Trog
Wu Jian
Xom

Shops:
D:8 *

Annotations:
D:8 2 transporters, Maggie; utis's ghost, novice TeSu


Innate Abilities, Weirdness & Mutations

You are too large for most types of armour.
You have claws for hands.
Your metabolism is lightning-fast.
You like to eat raw meat.
Your natural rate of healing is unusually fast.
You are covered in fur. (AC +1)
You have extremely tough skin. (AC +3)
You are missing an eye, making it more difficult to aim.


Message History

Maggie is severely wounded.
Maggie zaps a wand.
Maggie creates a blast of poison gas!
Maggie zaps a wand.
Maggie creates a blast of flame!
You barely miss Maggie.
Maggie is severely wounded.
You are engulfed in blazing flames.
* * * LOW HITPOINT WARNING * * *
Maggie mumbles the words to a spell, but in the wrong order.
Maggie zaps a wand.
Maggie creates a blast of poison gas!
The now-empty wand crumbles to dust.
Okay, then.
Okay, then.
Really walk into that cloud of poison gas?
You are engulfed in poison gas.
You are poisoned.
* * * LOW HITPOINT WARNING * * *
You feel sick.
Maggie points at you and mumbles some strange words.
The bolt of fire hits you!
You die...

..##.#..###(.## .#..#.#.##
#.##.#.#..(..# #..#.#.##
#............# ..##OO#...
####...##....# .....O#.#.
####...#####.# .# #######.#.
.............# #.##. #....
####...####### .... ####.
#...# ##########.########## #.
#...# #°§§§@§@§§.>........# #.
####...###°##.§§§§§..#.......#
#.
.(((.......##§##§##..#.......#
#.
.............§##.§§........(.#
#.
...........#§§...§§.##.......#
#.
####...###.#.................#
#.
##.#.###...>..[#.###.......#
#. #.###.####.##..#.#
#......## #. ##.#.##
#.##.##.###.####.# #.


You could see Maggie.

Vanquished Creatures
  Joseph (D:8)
  4 hogs (D:7)
  A human (D:7)
  Menkaure (D:7)
  A phantom (D:8)
  An eye of draining (D:8)
  6 ogres
  A necrophage (D:7)
  A centaur (D:6)
  8 bullfrogs
  A gnoll sergeant (D:8)
  2 scorpions
  9 wights
  2 crimson imps
  3 orc priests
  A bullfrog skeleton (D:7)
  4 hounds
  2 jellies
  5 orc wizards
  A centaur skeleton (D:8)
  Terence (D:3)
  7 worker ants
  A worker ant zombie (D:7)
  6 gnolls
  7 adders
  2 shadow imps (D:8)
  An ooze (D:2)
  2 adder zombies
  An adder skeleton (D:6)
  2 dart slugs
  5 worms
  8 leopard geckos
  18 orcs
  3 giant cockroaches
  9 goblins
  10 hobgoblins
  13 jackals
  8 kobolds
  5 quokkas
  5 bats
  5 frilled lizards
  A jackal zombie (D:5)
  5 rats
180 creatures vanquished.

Notes
Turn   | Place    | Note
-------+----------+-------------------------------------------
     0 | D:1      | Inarius the Troll Fighter began the quest for the Orb.
     0 | D:1      | Reached XP level 1. HP: 22/22 MP: 0/0
   241 | D:1      | Reached XP level 2. HP: 29/29 MP: 1/1
   702 | D:2      | Reached XP level 3. HP: 35/36 MP: 2/2
   819 | D:2      | Reached skill level 3 in Unarmed Combat
  1110 | D:2      | Reached XP level 4. HP: 43/44 MP: 3/3
  1411 | D:3      | Found a sacrificial altar of Ru.
  1425 | D:3      | Became a worshipper of Ru the Awakened
  1609 | D:3      | Reached skill level 4 in Unarmed Combat
  1609 | D:3      | Reached XP level 5. HP: 26/50 MP: 4/4
  1765 | D:3      | Found a shadowy altar of Dithmenos.
  1766 | D:3      | Found an iron altar of Okawaru.
  1768 | D:3      | Found a bloodstained altar of Trog.
  1785 | D:3      | Noticed Terence
  1806 | D:3      | Killed Terence
  2239 | D:4      | Reached XP level 6. HP: 50/59 MP: 5/5
  2352 | D:4      | Reached skill level 5 in Unarmed Combat
  2652 | D:4      | Reached skill level 1 in Evocations
  2808 | D:5      | Entered Level 5 of the Dungeon
  2814 | D:4      | Reached skill level 6 in Unarmed Combat
  2814 | D:4      | Reached XP level 7. HP: 66/66 MP: 6/6
  2829 | D:5      | Found an opulent altar of Gozag.
  2957 | D:5      | Found a blossoming altar of Fedhas.
  3455 | D:6      | Reached skill level 7 in Unarmed Combat
  3458 | D:6      | Reached XP level 8. HP: 74/74 MP: 8/8
  3468 | D:6      | Upgraded the game from 0.25-a0-591-g2ad0d861f1 to
                  | 0.25-a0-598-gc9c9e4cfe1
  3918 | D:6      | Found a staircase to the Ecumenical Temple.
  3962 | D:6      | Reached skill level 8 in Unarmed Combat
  4212 | D:7      | Noticed Menkaure
  4224 | D:7      | Killed Menkaure
  4394 | D:7      | Reached skill level 9 in Unarmed Combat
  4434 | D:7      | Reached XP level 9. HP: 81/81 MP: 10/10
  4685 | D:7      | Reached skill level 10 in Unarmed Combat
  4694 | D:7      | Gained mutation: You are missing an eye, making it more
                  | difficult to aim. [Ru sacrifice]
  4694 | D:7      | Reached * piety under Ru
  4993 | D:8      | Noticed Joseph
  4994 | D:8      | Noticed Maggie
  5119 | D:8      | Found Nedasost's Assorted Antiques.
  5122 | D:8      | Bought a scroll of identify for 44 gold pieces
  5122 | D:8      | Bought a bubbling white potion for 19 gold pieces
  5122 | D:8      | Bought 2 scrolls labeled WECKELEBAO for 44 gold pieces
  5128 | D:8      | Found a shimmering altar of Xom.
  5151 | D:8      | Reached skill level 11 in Unarmed Combat
  5229 | D:8      | Identified the +4 great mace "Jotwiwk" {venom, rPois}
  5229 | D:8      | Identified the cursed +1 dire flail of Doxoqixozue {holy,
                  | rC+ SInv}
  5229 | D:8      | Noticed a two-headed ogre
  5230 | D:8      | Noticed utis's ghost (novice TeSu)
  5237 | D:8      | Found a transporter.
  5245 | D:8      | Found a transporter.
  5377 | D:8      | Killed Joseph
  5377 | D:8      | Reached skill level 5 in Shields
  5377 | D:8      | Reached XP level 10. HP: 81/91 MP: 11/11
  5527 | D:8      | Found an ornate altar of the Wu Jian Council.
  5676 | D:8      | Killed from afar by Maggie

Levels and vault maps discovered:
D:1:      psy_arrival_radial02, layout_rooms, grunt_decor_mini_mirrors,
          minmay_misc_feat_roman
D:2:      minmay_skewed_foursquare, layout_loops_cross
D:3:      layout_loops_ring, grunt_temple_overflow_open,
          nicolae_ru_sacrificial_ziggurat, uniq_terence
D:4:      cheibrodos_greedy_goblins, layout_basic
D:5:      layout_rooms, fedhas_altar_1, basic_altar, first_ration
D:6:      layout_loops_corners, minmay_temple_entry_grid
D:7:      layout_basic, grunt_livestock, grunt_decor_one_mirror, uniq_menkaure
D:8:      layout_loops_cross, lemuel_round_altar,
          nicolae_overflow_hidden_temple, serial_shops, kennysheep_mini,
          gammafunk_ghost_smash, uniq_joseph, uniq_maggie

Skill      XL: |  1  2  3  4  5  6  7  8  9 |
---------------+----------------------------+-----
Unarmed Combat | 3 4 6 7 9 11 | 11.3
Shields        | 3 4 5 |  5.0
Dodging        | 3 4 |  4.6
Evocations     | 1 2 3 |  3.6
Fighting       | 3 |  3.4

Action                   |  1- 3 |  4- 6 |  7- 9 | 10-12 || total
-------------------------+-------+-------+-------+-------++-------
Melee: Unarmed           |   115 |   200 |   309 |    17 ||   641
Invok: Sacrifice an Eye  |       |       |     1 |       ||     1
  Use: Scroll            |       |     2 |    11 |       ||    13
 Stab: Sleeping          |       |       |     1 |       ||     1
  Eat: Chunk             |    15 |    17 |    23 |     3 ||    58
Armor: Robe              |    45 |    63 |    72 |       ||   180
Dodge: Dodged            |    43 |    63 |   110 |     2 ||   218
Block: Kite shield       |    42 |   102 |   125 |     5 ||   274

Table legend:
 A = Non-vault XP
 B = Vault XP
 C = Vault XP percentage of total XP
 D = Non-vault monster count
 E = Vault monster count
 F = Vault count percentage of total count
                 A         B        C        D         E       F
            +---------+---------+-------+---------+---------+-------
      Total |    4092 |    1708 |  29.4 |     157 |      23 |  12.8
            +---------+---------+-------+---------+---------+-------
        D:1 |      30 |       0 |   0.0 |      17 |       0 |   0.0
        D:2 |      78 |       6 |   7.1 |      26 |       3 |  10.3
        D:3 |     122 |      36 |  22.8 |      20 |       1 |   4.8
        D:4 |     442 |      23 |   4.9 |      22 |      12 |  35.3
        D:5 |     187 |       0 |   0.0 |      11 |       0 |   0.0
        D:6 |    1109 |       0 |   0.0 |      24 |       0 |   0.0
        D:7 |     911 |    1188 |  56.6 |      19 |       6 |  24.0
        D:8 |    1213 |     455 |  27.3 |      18 |       1 |   5.3
            +---------+---------+-------+---------+---------+-------
